 Dungeon Crawl Stone Soup version 0.20.1-1-g8b1a95d (webtiles) character file.

18224 Monsterracer the Destroyer (level 12, -3/97 HPs)
             Began as a Barachi Conjurer on Aug 19, 2017.
             Was a Priest of Ashenzari.
             Slain by a freezing wraith (18 damage)
             ... in an ice cave.
             The game lasted 00:45:58 (15719 turns).

Monsterracer the Destroyer (Barachi Conjurer)      Turns: 15719, Time: 00:45:59

Health: -3/97      AC:  8    Str: 11    XL:     12   Next: 56%
Magic:  7/25       EV: 15    Int: 20    God:    Ashenzari [***...]
Gold:   482        SH:  0    Dex: 10    Spells: 14/30 levels left

rFire    . . .     SeeInvis +   b - +2 long sword (curse)
rCold    . . .     Gourm    .   (no shield)
rNeg     . . .     Faith    .   q - +0 robe (curse)
rPois    +         Spirit   .   w - +0 helmet (curse)
rElec    .         Reflect  .   e - +0 cloak (curse)
rCorr    .         Harm     .   h - +0 pair of gloves (curse)
MR       +....     Rnd*Rage +   j - +0 pair of boots (curse)
Stlth    ++++......             d - amulet of regeneration (curse)
Regen    0.7/turn               o - ring of stealth (curse)
MPRegen  0.2/turn               D - ring of poison resistance (curse)

@: slow
A: +LOS, swims, slimy green scales 1, berserk 1, blink, clumsy 1, magic
resistance 1, slowness 1, strong legs 1
a: Hop, Blink, Curse Item, Scrying, Renounce Religion


You were in an ice cave.
You worshipped Ashenzari.
Ashenzari was most pleased with you.
You were near starving.

You visited 2 branches of the dungeon, and saw 12 of its levels.
You also visited: Ice Cave.

You collected 1017 gold pieces.
You spent 535 gold pieces at shops.

Inventory:

Hand Weapons
 b - a cursed +2 long sword (weapon)
Armour
 e - a cursed +0 cloak (worn)
 h - a cursed +0 pair of gloves (worn)
 j - a cursed +0 pair of boots (worn)
 q - a cursed +0 robe (worn)
 w - a cursed +0 helmet (worn)
Jewellery
 d - a cursed amulet of regeneration (around neck)
 o - a cursed ring of stealth (left hand)
 D - a cursed ring of poison resistance (right hand)
Wands
 k - a wand of digging (9/24)
 I - a wand of polymorph (14/24)
Scrolls
 a - a scroll of enchant weapon
 f - 5 scrolls of teleportation
 i - 3 scrolls of recharging
 y - 2 scrolls of remove curse
 G - 4 scrolls of blinking
 H - a scroll of brand weapon
Potions
 g - 2 potions of haste
 l - a potion of agility {unknown}
 r - a potion of lignification
 s - a potion of berserk rage {unknown}
 t - 2 potions of resistance
 u - a potion of might {unknown}
 v - 2 potions of mutation
 x - 5 potions of brilliance
 z - a potion of heal wounds
 A - 3 potions of magic
 B - a potion of flight {unknown}
 C - a potion of cancellation {unknown}
 E - 3 potions of curing
 F - a potion of ambrosia {unknown}
Comestibles
 c - 6 bread rations
 m - 7 meat rations
 n - 3 fruits
 p - 10 royal jellies


   Skills:
 + Level 10.0 Fighting
 * Level 7.5(10.5) Long Blades
 + Level 4.9(7.7) Dodging
 + Level 2.4(4.7) Stealth
 + Level 9.5 Spellcasting
 * Level 14.5(16.9) Conjurations
 - Level 4.0(6.7) Hexes
 - Level 3.1(5.6) Translocations


You had 14 spell levels left.
You knew the following spells:

 Your Spells              Type           Power        Failure   Level  Hunger
a - Magic Dart            Conj           ####         0%          1    None
b - Searing Ray           Conj           ######       0%          2    None
c - Fulminant Prism       Conj/Hex       ######....   1%          4    ##.....
d - Iskenderun's Mystic   Conj           ######..     1%          4    ##.....
e - Force Lance           Conj/Tloc      ######..     1%          4    ##.....
z - Apportation           Tloc           ####..       1%          1    None


Dungeon Overview and Level Annotations

Branches:
Dungeon (10/15)            Temple (0/1) D:7            Lair (2/6) D:8
  Swamp (0/4) Lair:2          Orc (0/2) D:10
  Snake: Lair:2-4    Spider: Lair:2-4

Altars:
Ashenzari
Dithmenos
Kikubaaqudgha
Makhleb
Yredelemnul
Beogh

Shops:
D:4 *}?*   D:6 *(!*   D:8 (


Innate Abilities, Weirdness & Mutations

Shadows flee at your approach. (+LOS)
You can swim through water.
You cover ground slowly.
You can hop short distances.
You are partially covered in slimy green scales. (AC +2)
You tend to lose your temper in combat.
You can translocate small distances at will.
You are clumsy. (Dex -2)
You are resistant to hostile enchantments. (MR+)


Message History

* * * LOW HITPOINT WARNING * * *
The freezing wraith barely misses you.
Huge Dmg: -20%(-19hp) hp: 18%(17hp)
Casting: Iskenderun's Mystic Blast
Confirm with . or Enter, or press ? or * to list all spells.
Aiming: Fulminant Prism
Press: ? - help, Dir - move target cursor, f/p - freezing wraith
Aim: a freezing wraith (almost destroyed)
You can't place the prism on a creature.
Casting: Fulminant Prism
Confirm with . or Enter, or press ? or * to list all spells.
Aiming: Iskenderun's Mystic Blast
Press: ? - help, Shift-Dir - straight line, f/p - freezing wraith
Aim: a freezing wraith (almost destroyed)
The orb of energy hits the freezing wraith.
The freezing wraith is almost destroyed.
The orb of energy explodes!
The freezing wraith hits you.
* * * LOW HITPOINT WARNING * * *
The freezing wraith freezes you!!
You die...

... * , *
#..# , * ,
*#.W.# ,
*#...# *
#..W# *...#
**, ##..# ,
, #W.######
* ,* *
##@###...##
#..##.....##
*
#..#...#...#
,
#....####..#
≈ , , #...##
#..##≈ * ,*
##.## ##..##
≈ ### #...##
≈ ##....##
#......# ##


You could see 3 freezing wraiths.

Vanquished Creatures
  The ghost of Patate the Fighter, a journeyman MfBe of Trog (Lair:1)
  2 two-headed ogres
  2 unseen horrors (D:10)
  An elephant (D:8)
  The ghost of Monsterracer the Conjurer, a novice BaWz (D:3)
  A kobold demonologist (D:7)
  5 spiny frogs
  The ghost of Saithnar the Covered, a novice BaFi of Elyvilon (D:5)
  A freezing wraith (IceCv)
  2 ice devils (Lair:2)
  A hornet (D:10)
  A wolf spider simulacrum (IceCv)
  3 hippogriffs
  The ghost of Saithnar the Magician, an amateur DEVM (D:4)
  2 wyverns
  2 basilisks
  A hungry ghost (D:8)
  A wraith (D:7)
  11 yaks
  A human (D:7)
  A vampire mosquito (D:7)
  A death yak simulacrum (IceCv)
  4 hogs
  A floating eye (shapeshifter) (D:9)
  4 porcupines
  3 sky beasts
  9 ice beasts
  7 ogres
  A black bear (D:8)
  4 orc warriors
  5 wolves (Lair:1)
  3 centaurs (D:7)
  5 crocodiles
  13 bullfrogs
  2 big kobolds
  A water moccasin zombie (D:8)
  3 scorpions
  7 killer bees
  4 wights
  4 howler monkeys
  2 crimson imps (D:9)
  3 bullfrog zombies
  2 centaur skeletons
  2 jellies (D:7)
  3 gnoll shamans
  5 hounds
  7 orc wizards
  3 bullfrog skeletons
  5 orc priests
  3 iguanas
  6 worker ants
  2 polar bear simulacra (IceCv)
  A killer bee zombie (D:10)
  A hound zombie (D:9)
  2 hound skeletons
  Robin (D:2)
  8 adders
  8 gnolls
  5 white imps (IceCv)
  3 oozes
  An adder zombie (D:7)
  3 worms (D:2)
  A dart slug (D:2)
  6 leopard geckos
  25 orcs
  18 bats
  7 giant cockroaches
  17 goblins
  8 hobgoblins
  10 jackals
  3 quokkas
  7 frilled lizards
  17 kobolds
  A leopard gecko skeleton (D:4)
  A leopard gecko zombie (D:6)
  A quokka skeleton (D:7)
  10 rats
  2 fulminant prisms
333 creatures vanquished.

Vanquished Creatures (collateral kills)
  An orc warrior (D:7)
1 creature vanquished.

Vanquished Creatures (others)
  Sigmund (D:5)
  An orc wizard (D:7)
  47 fulminant prisms
  A plant (Lair:2)
50 creatures vanquished.

Grand Total: 384 creatures vanquished

Notes
Turn   | Place    | Note
-------+----------+-------------------------------------------
     0 | D:1      | Monsterracer the Barachi Conjurer began the quest for the Orb.
     0 | D:1      | Reached XP level 1. HP: 13/13 MP: 3/3
     9 | D:1      | HP: 6/13 [hobgoblin/club (7)]
    10 | D:1      | HP: 2/13 [hobgoblin/club (4)]
   342 | D:1      | Reached XP level 2. HP: 19/19 MP: 3/5
   367 | D:1      | Learned a level 2 spell: Searing Ray
   658 | D:1      | Reached skill level 5 in Conjurations
   768 | D:1      | Reached XP level 3. HP: 24/24 MP: 0/6
  1687 | D:2      | HP: 7/24 [worm (7)]
  1819 | D:2      | Reached XP level 4. HP: 22/30 MP: 0/8
  1944 | D:2      | Noticed Robin
  1983 | D:1      | HP: 15/30 [goblin[Robin] (4)]
  2140 | D:2      | Killed Robin
  2155 | D:2      | Learned a level 4 spell: Iskenderun's Mystic Blast
  2423 | D:2      | Reached skill level 6 in Conjurations
  2591 | D:3      | Reached XP level 5. HP: 31/35 MP: 3/9
  2698 | D:3      | Noticed Monsterracer's ghost (novice BaWz)
  2716 | D:3      | HP: 16/35 [white imp[Monsterracer's ghost] (4)]
  2723 | D:3      | HP: 8/35 [white imp/puff of frost[Monsterracer's ghost] (5)]
  2974 | D:3      | HP: 16/35 [Monsterracer's ghost (9)]
  3261 | D:2      | HP: 17/35 [poisoned by an adder]
  3269 | D:2      | HP: 16/35 [poisoned by an adder]
  3495 | D:2      | HP: 17/35 [adder (3)]
  3502 | D:2      | HP: 15/35 [poisoned by an adder]
  3509 | D:2      | HP: 14/35 [poisoned by an adder]
  4025 | D:3      | Killed Monsterracer's ghost
  4025 | D:3      | Reached skill level 7 in Conjurations
  4025 | D:3      | Reached XP level 6. HP: 28/41 MP: 0/12
  4025 | D:3      | Reached XP level 7. HP: 32/46 MP: 0/13
  4130 | D:3      | Learned a level 4 spell: Force Lance
  4144 | D:3      | Learned a level 4 spell: Fulminant Prism
  4297 | D:3      | Reached skill level 8 in Conjurations
  4391 | D:4      | Reached skill level 1 in Fighting
  4490 | D:4      | Found Vecyif's Assorted Antiques.
  4497 | D:4      | Bought a green potion for 20 gold pieces
  4497 | D:4      | Bought a blue potion for 20 gold pieces
  4497 | D:4      | Bought a viscous emerald potion for 20 gold pieces
  4585 | D:4      | Found Fyuw's Gadget Shop.
  4600 | D:4      | Found Moudoc's Assorted Antiques.
  4930 | D:4      | Noticed Saithnar's ghost (amateur DEVM)
  4953 | D:4      | HP: 24/48 [poisoned by Saithnar's ghost (toxic radiance)]
  4958 | D:4      | HP: 16/48 [poisoned by Saithnar's ghost (toxic radiance)]
  4960 | D:3      | HP: 7/48 [poisoned by Saithnar's ghost (sting)]
  4967 | D:3      | HP: 24/48 [poisoned by Saithnar's ghost (sting)]
  4972 | D:3      | HP: 20/48 [poisoned by Saithnar's ghost (sting)]
  4978 | D:3      | HP: 17/48 [poisoned by Saithnar's ghost (sting)]
  4983 | D:3      | HP: 16/48 [poisoned by Saithnar's ghost (sting)]
  4990 | D:3      | HP: 15/48 [poisoned by Saithnar's ghost (sting)]
  4998 | D:3      | HP: 15/48 [poisoned by Saithnar's ghost (sting)]
  5281 | D:4      | Killed Saithnar's ghost
  5281 | D:4      | Reached skill level 1 in Hexes
  5551 | D:4      | Found Irumpeov's Magic Scroll Boutique.
  5558 | D:4      | Bought a scroll of fear for 49 gold pieces
  5558 | D:4      | Bought a scroll of identify for 28 gold pieces
  5558 | D:4      | Bought a scroll of identify for 28 gold pieces
  5635 | D:4      | Reached skill level 5 in Spellcasting
  5902 | D:4      | Reached XP level 8. HP: 48/56 MP: 8/15
  6049 | D:5      | Entered Level 5 of the Dungeon
  6056 | D:5      | Killed Sigmund
  6270 | D:5      | Noticed Saithnar's ghost (novice BaFi)
  6280 | D:5      | HP: 28/57 [Saithnar's ghost (10)]
  6293 | D:5      | HP: 19/57 [Saithnar's ghost (3)]
  6294 | D:5      | Killed Saithnar's ghost
  6294 | D:5      | Reached skill level 9 in Conjurations
  6742 | D:6      | Found a shadowy altar of Dithmenos.
  6900 | D:6      | Found Halidifi's Assorted Antiques.
  6939 | D:6      | Bought a fuming golden potion for 27 gold pieces
  6939 | D:6      | Bought a smoky sapphire potion for 27 gold pieces
  7045 | D:6      | Found Sass's Antique Weapon Emporium.
  7086 | D:6      | Found Aluicant's Assorted Antiques.
  7095 | D:6      | Bought a scroll labeled AMONEC ZUEGAUS for 22 gold pieces
  7121 | D:6      | Found Piprour's Distillery.
  7177 | D:6      | Reached skill level 1 in Translocations
  7644 | D:7      | Found a shattered altar of Ashenzari.
  7646 | D:7      | Reached XP level 9. HP: 56/65 MP: 17/17
  7649 | D:7      | Reached skill level 10 in Conjurations
  7674 | D:7      | Became a worshipper of Ashenzari the Shackled
  8117 | D:7      | HP: 22/67 [centaur/arrow (15)]
  8326 | D:7      | Learned a level 1 spell: Apportation
  8335 | D:7      | Reached skill level 5 in Fighting
  8405 | D:7      | HP: 30/68 [hog (7)]
  8411 | D:7      | HP: 28/68 [hog (3)]
  8416 | D:7      | HP: 18/68 [hog (10)]
  8427 | D:6      | HP: 13/68 [hog (4)]
  8427 | D:6      | HP: 2/68 [hog (11)]
  8546 | D:7      | Reached skill level 11 in Conjurations
  9111 | D:7      | Found a staircase to the Ecumenical Temple.
  9112 | D:7      | Reached * piety under Ashenzari
  9355 | D:8      | Reached XP level 10. HP: 64/77 MP: 12/20
  9709 | D:7      | HP: 38/79 [centaur/arrow (10)]
  9713 | D:7      | HP: 16/79 [killer bee (5)]
  9720 | D:7      | Reached skill level 12 in Conjurations
  9722 | D:7      | Noticed a kobold demonologist
  9803 | D:7      | Killed a kobold demonologist
 10163 | D:8      | Noticed an elephant
 10195 | D:8      | HP: 39/79 [elephant (1)]
 10201 | D:8      | HP: 39/118 [elephant (9)]
 10204 | D:8      | Killed an elephant
 10206 | D:8      | HP: 30/120 [hippogriff (5)]
 10214 | D:8      | HP: 35/120 [bullfrog (1)]
 10238 | D:7      | Gained mutation: You are weak. (Str -2) [mutagenic meat]
 10239 | D:7      | Gained mutation: You have sharp toenails. [mutagenic meat]
 10240 | D:7      | Lost mutation: You are weak. (Str -2) [mutagenic meat]
 10241 | D:7      | Gained mutation: You have a pair of small horns on your head. [mutagenic meat]
 10242 | D:7      | Lost mutation: You have a pair of small horns on your head. [potion of mutation]
 10242 | D:7      | Lost mutation: You have sharp toenails. [potion of mutation]
 10242 | D:7      | Gained mutation: You tend to lose your temper in combat. [potion of mutation]
 10242 | D:7      | Gained mutation: You are clumsy. (Dex -2) [potion of mutation]
 10242 | D:7      | Gained mutation: You can translocate small distances at will. [potion of mutation]
 10242 | D:7      | Gained mutation: You are partially covered in slimy green scales. (AC +2) [potion of mutation]
 10382 | D:8      | Found an ancient bone altar of Kikubaaqudgha.
 10482 | D:4      | Bought 2 scrolls of blinking for 210 gold pieces
 10482 | D:4      | Bought a scroll of remove curse for 42 gold pieces
 10482 | D:4      | Bought a scroll of remove curse for 42 gold pieces
 10671 | D:8      | Reached skill level 1 in Long Blades
 10838 | D:8      | Found a staircase to the Lair.
 10844 | D:8      | Reached skill level 13 in Conjurations
 10902 | D:8      | Reached XP level 11. HP: 77/86 MP: 23/23
 10915 | D:8      | Found Avaepefa's Antique Weapon Emporium.
 11244 | D:9      | Reached ** piety under Ashenzari
 11249 | D:9      | Noticed a two-headed ogre
 11253 | D:9      | Killed a two-headed ogre
 11392 | D:9      | Gained mutation: You are resistant to hostile enchantments. (MR+) [mutagenic meat]
 11730 | D:9      | HP: 42/87 [orc warrior/mace (18)]
 12141 | D:9      | Paralysed by a floating eye for 3 turns
 12156 | D:9      | HP: 44/89 [yak (9)]
 12439 | D:10     | Entered Level 10 of the Dungeon
 12576 | D:10     | Killed an unseen horror
 12652 | D:10     | Reached skill level 5 in Long Blades
 12655 | D:10     | HP: 37/89 [yak (9)]
 12674 | D:10     | HP: 41/89 [yak (9)]
 12684 | D:10     | HP: 28/89 [orc warrior/dire flail of venom (8)]
 12689 | D:10     | HP: 27/89 [poisoned by an orc warrior]
 12694 | D:10     | HP: 26/89 [poisoned by an orc warrior]
 12700 | D:10     | HP: 27/89 [poisoned by an orc warrior]
 12705 | D:10     | HP: 27/89 [bullfrog skeleton (3)]
 12712 | D:10     | HP: 38/133 [poisoned by an orc warrior]
 12725 | D:10     | HP: 32/89 [orc/hand axe (5)]
 12729 | D:10     | Found a staircase to the Orcish Mines.
 12814 | D:10     | Found a roughly hewn altar of Beogh.
 12950 | D:10     | Noticed a two-headed ogre
 12960 | D:10     | Killed a two-headed ogre
 13263 | D:10     | Killed an unseen horror
 13566 | D:10     | Reached skill level 14 in Conjurations
 13653 | Lair:1   | Entered Level 1 of the Lair of Beasts
 13655 | Lair:1   | Noticed Patate's ghost (journeyman MfBe)
 13677 | D:8      | Reached XP level 12. HP: 65/96 MP: 11/25
 13747 | D:8      | HP: 48/96 [hippogriff (1)]
 13894 | Lair:1   | HP: 47/96 [Patate's ghost (13)]
 13905 | Lair:1   | HP: 43/144 [Patate's ghost (5)]
 13908 | Lair:1   | Killed Patate's ghost
 14064 | Lair:1   | HP: 47/97 [porcupine (14)]
 14280 | Lair:1   | Reached *** piety under Ashenzari
 14583 | Lair:1   | Found a burning altar of Makhleb.
 15184 | Lair:2   | Found a staircase to the Swamp.
 15235 | Lair:2   | Found a basalt altar of Yredelemnul.
 15362 | Lair:2   | Found a frozen archway.
 15370 | Lair:2   | HP: 45/97 [ice devil (9)]
 15379 | Lair:2   | Reached skill level 10 in Fighting
 15505 | IceCv    | Entered an ice cave
 15536 | IceCv    | HP: 40/97 [white imp/puff of frost (10)]
 15543 | IceCv    | HP: 57/145 [white imp/puff of frost (1)]
 15552 | IceCv    | HP: 60/145 [ice beast (3)]
 15717 | IceCv    | HP: 36/97 [freezing wraith (15)]
 15718 | IceCv    | HP: 17/97 [freezing wraith (12)]
 15719 | IceCv    | Slain by a freezing wraith

Skill      XL: |  1  2  3  4  5  6  7  8  9 10 11 12 |
---------------+-------------------------------------+-----
Conjurations   | 5 6 7 8 9 11 13 14 | 14.5
Spellcasting   | 3 4 5 7 8 9 |  9.5
Fighting       | 2 4 6 8 9 10 | 10.0
Hexes          | 1 3 4 |  4.0
Translocations | 1 3 |  3.1
Long Blades    | 1 6 7 |  7.5
Dodging        | 3 4 |  4.9
Stealth        | 2 |  2.4

Action                   |  1- 3 |  4- 6 |  7- 9 | 10-12 || total
-------------------------+-------+-------+-------+-------++-------
Melee: Unarmed           |     3 |       |       |       ||     3
       Club              |    38 |       |       |       ||    38
       Rapier            |       |    47 |       |       ||    47
       Dagger            |       |    55 |   110 |    38 ||   203
       Long sword        |       |       |       |   215 ||   215
 Cast: Magic Dart        |    87 |    44 |    61 |    54 ||   246
       Searing Ray       |       |    13 |    26 |    55 ||    94
       Iskenderun's Myst |       |     1 |    10 |    40 ||    51
       Force Lance       |       |       |     3 |     7 ||    10
       Fulminant Prism   |       |       |     9 |    40 ||    49
Invok: Curse Item        |       |       |     8 |     1 ||     9
 Abil: Hop               |     1 |     1 |     2 |     2 ||     6
  Use: Scroll            |       |       |    16 |     6 ||    22
       Potion            |       |       |     2 |     5 ||     7
 Stab: Sleeping          |       |     1 |     4 |       ||     5
       Distracted        |       |       |     1 |       ||     1
  Eat: Chunk             |     4 |     8 |    20 |    31 ||    63
       Fruit             |       |       |     1 |     4 ||     5
Armor: Robe              |    17 |    55 |    45 |    96 ||   213
       Skin              |       |       |       |    93 ||    93
Dodge: Dodged            |    40 |   110 |    91 |   279 ||   520
       Rpst.: Long sword |       |       |       |    70 ||    70
